Map: Frozen Temple

Players

Thaarb

  • Race: Terran Terran
  • League: Gold

Nickos - Winner!

  • Race: Terran Terran
  • League: Gold

VOD

Have the link to the VOD?

Description

Time

  • Played on: Sept. 15, 2016, 10:35 a.m.
  • Length: 11:47
Show
View Real Time Build Order
Export as new Build Order

Thaarb Terran 

Build Orders:  

Get SALT Encoding   

  12  0:09  Refinery  
  12  0:17  Supply Depot  
  12  0:39  Barracks  
  12  0:40  SCV  
  13  0:52  SCV  
  14  1:04  SCV  
  15  1:16  SCV  
  16  1:28  SCV  
  16  1:29  Barracks Tech Lab  
  16  1:30  Engineering Bay  
  17  1:41  SCV  
  18  1:53  SCV  
  19  1:56  Supply Depot  
  19  2:02  Marauder  
  19  2:05  SCV  
  21  2:15  Concussive Shells  
  21  2:24  Marauder  
  23  2:42  Factory  
  23  2:45  Marauder  
  23  2:49  Orbital Command  
  25  2:58  Supply Depot  
  25  3:06  Marauder  
  25  3:10  Building Armor  
  27  3:15  SCV  
  28  3:38  Missile Turret  
  28  3:43  Command Center  
  28  3:47  Marauder  
  30  3:52  Widow Mine  
  32  4:08  Refinery  
  32  4:09  Marauder, SCV  
  35  4:20  Widow Mine  
  35  4:21  SCV  
  38  4:32  Starport  
  38  4:51  Command Center  
  38  5:00  Orbital Command  
  38  5:14  Barracks Reactor  
  38  5:22  Starport  
  38  5:24  Factory Reactor  
  38  5:35  Refinery  
  38  5:36  Refinery  
  39  5:50  SCV  
  39  5:51  Refinery  
  39  5:55  SCV  
  40  5:57  Refinery, Marine  
  40  5:58  Marine  
  40  6:04  Starport Tech Lab  
  42  6:06  Raven  
  44  6:15  Marine  
  44  6:16  Marine  
  44  6:17  Widow Mine  
  44  6:18  Widow Mine  
  50  6:26  Cloaking Field  
  50  6:32  Banshee  
  50  6:33  Marine  
  50  6:36  Orbital Command  
  53  6:45  SCV  
  53  6:48  SCV  
  53  6:49  Banshee  
  56  6:57  SCV  
  56  7:00  SCV  
  58  7:07  SCV  
  59  7:09  Hellion  
  59  7:10  SCV  
  59  7:15  Medivac  
  62  7:21  SCV  
  62  7:22  Factory  
  65  7:25  SCV  
  65  7:26  SCV  
  65  7:28  Barracks Tech Lab  
  67  7:33  SCV  
  68  7:58  SCV  
  69  8:15  Supply Depot  
  69  8:16  Factory  
  69  8:19  Supply Depot  
  69  8:36  Banshee, SCV  
  69  8:37  Hellion x2  
  69  8:39  Factory  
  69  8:40  Starport Tech Lab, Supply Depot  
  69  8:41  SCV x2  
  79  8:42  Hellion x2  
  83  8:49  SCV  
  83  8:53  SCV  
  85  9:01  Widow Mine, Hellion, Marauder, SCV  
  92  9:05  Hellion  
  92  9:06  Widow Mine  
  92  9:07  Hellion  
  87  9:11  Banshee  
  89  9:23  Hellion  
  78  9:38  Widow Mine x4  
  78  9:43  Widow Mine  
  88  9:46  SCV  
  88  9:50  SCV  
  90  9:54  SCV  
  90  9:58  SCV  
  92  10:02  SCV  
  93  10:19  Factory Tech Lab  
  93  10:34  Armory  
  93  10:36  Widow Mine  
  89  10:52  SCV  
  80  11:03  Widow Mine x2, SCV  
  70  11:04  Widow Mine, Raven  
  70  11:05  Cyclone, Hellion  
Show
View Real Time Build Order
Export as new Build Order

Nickos Terran - Winner!

Build Orders: MMM Bio 

Get SALT Encoding   

  12  0:01  SCV  
  13  0:13  SCV  
  14  0:18  Supply Depot  
  14  0:25  SCV  
  15  0:40  SCV  
  15  0:41  Barracks  
  16  0:52  SCV  
  18  1:04  SCV  
  18  1:16  SCV  
  19  1:22  Command Center  
  19  1:31  Orbital Command  
  19  1:40  Marine  
  19  1:45  Barracks  
  20  1:54  Supply Depot  
  20  2:02  SCV  
  20  2:05  Marine  
  22  2:14  SCV  
  23  2:22  Barracks, Marine  
  23  2:25  Refinery  
  23  2:26  SCV  
  23  2:28  Refinery  
  25  2:34  Marine  
  25  2:38  SCV  
  25  2:40  Marine  
  25  2:41  Orbital Command  
  27  2:50  SCV  
  28  2:54  Marine  
  28  2:58  Marine  
  29  3:03  SCV  
  31  3:09  Marine  
  31  3:11  Marine  
  33  3:15  SCV  
  33  3:16  SCV  
  35  3:21  Supply Depot  
  35  3:22  Barracks Tech Lab  
  35  3:27  SCV  
  35  3:28  Barracks Reactor, SCV  
  35  3:30  Barracks Reactor  
  37  3:39  SCV  
  37  3:40  SCV  
  39  3:43  Stimpack  
  39  3:45  Marine  
  40  3:51  SCV  
  40  3:52  Supply Depot, SCV  
  42  3:58  Factory  
  42  4:03  SCV, Marine  
  42  4:04  SCV  
  45  4:15  SCV, Marine x4  
  45  4:16  Barracks, Supply Depot  
  50  4:21  Engineering Bay  
  50  4:22  SCV  
  51  4:25  Marine  
  51  4:27  SCV  
  53  4:33  Marine  
  53  4:34  SCV  
  53  4:37  Supply Depot  
  55  4:39  SCV  
  55  4:41  Factory Reactor  
  55  4:45  Starport  
  56  4:46  SCV  
  56  4:47  Marine x3  
  56  4:48  Marine  
  56  4:51  SCV  
  56  4:52  Marine  
  63  4:55  Terran Infantry Weapons Level 1  
  63  4:58  SCV  
  64  5:02  Supply Depot  
  64  5:04  Marine, SCV  
  64  5:05  Marine  
  67  5:07  Marine  
  67  5:09  Barracks Reactor  
  67  5:10  SCV, Marine x2  
  71  5:16  SCV  
  71  5:20  Supply Depot  
  72  5:22  SCV, Marine  
  72  5:23  Marine  
  72  5:26  Supply Depot, Marine  
  72  5:28  Marine, SCV  
  77  5:32  Supply Depot  
  77  5:35  SCV  
  79  5:40  SCV  
  79  5:41  Marine  
  79  5:42  Medivac x2  
  85  5:47  Combat Shields, SCV  
  86  5:52  Supply Depot, SCV  
  86  5:53  Supply Depot  
  87  5:59  Marine x3, SCV  
  87  6:02  Marine x2  
  87  6:03  Marine  
  94  6:10  Supply Depot, SCV  
  94  6:11  SCV  
  96  6:18  Marine x4  
  98  6:22  SCV  
  98  6:23  SCV  
  102  6:35  SCV x2  
  102  6:38  Command Center  
  104  6:42  Marine x2  
  104  6:43  Marine x4  
  104  6:44  Medivac  
  112  6:50  SCV x2  
  112  6:52  Terran Infantry Armor Level 1  
  114  6:54  Supply Depot  
  114  6:59  Medivac  
  114  7:00  Factory Reactor  
  115  7:02  SCV x2  
  117  7:09  Armory  
  117  7:14  SCV  
  117  7:15  SCV  
  119  7:20  Marine  
  119  7:21  Marine x2  
  119  7:22  Missile Turret  
  122  7:27  Missile Turret x2  
  122  7:28  SCV x2  
  124  7:32  Missile Turret  
  124  7:39  Marine  
  124  7:40  SCV x2, Marine x2  
  129  7:47  Missile Turret  
  129  7:48  Missile Turret  
  129  7:51  Missile Turret  
  129  7:52  SCV x2  
  129  7:57  Barracks  
  129  7:58  Planetary Fortress, Barracks  
  131  7:59  Marine x2  
  131  8:00  Marine x2  
  131  8:01  Medivac  
  131  8:04  SCV  
  138  8:13  Marine, SCV  
  138  8:15  Starport  
  138  8:16  SCV  
  138  8:18  Supply Depot x2  
  138  8:19  Marine x3  
  143  8:20  Marine  
  143  8:25  SCV  
  146  8:28  SCV  
  146  8:29  Marine x2  
  146  8:31  Marine  
  150  8:37  SCV  
  150  8:40  Marine x3  
  150  8:41  Marine, SCV  
  156  8:47  Marine  
  157  8:49  SCV  
  158  9:02  Marine x5  
  163  9:11  Marine x2  
  163  9:12  Medivac x2  
  169  9:19  Marine  
  169  9:20  Marine x3  
  169  9:21  Marine  
  171  9:28  Marine  
  167  9:36  Marine  
  167  9:37  Marine x2  
  170  9:42  Medivac, Barracks  
  170  9:43  Barracks Reactor x2  
  170  9:45  Barracks  
  170  9:46  Barracks  
  170  9:55  Marine x3  
  170  9:57  Factory Reactor  
  173  10:02  Medivac, Supply Depot, Marine x2  
  173  10:06  Supply Depot  
  177  10:11  Marine  
  177  10:12  Marine  
  177  10:13  Marine x3  
  182  10:16  SCV  
  182  10:17  SCV x2  
  185  10:23  Command Center  
  185  10:25  Command Center, Marine x4  
  185  10:26  Marine  
  190  10:28  SCV  
  190  10:29  SCV  
  189  10:51  Marine x4  
  189  10:52  Marine x4  
  192  11:11  SCV  
  192  11:12  SCV x2  
  193  11:23  SCV  
  193  11:24  SCV x2  
Tags
 
Composition
MMM Bio
League
GoldGold
Matchup
TvT
Race
Terran
Replay Pack
Nickos replay
Add a new tag
Caveats
  • Supply blocks, unpowered buildings, or Contaminate may cause inaccurate times.
  • Supply counts are checked every 10 seconds.